 Dungeon Crawl Stone Soup version 0.31-a0-162-gc4c5a43528 (webtiles) character file.

Game seed: 1841102695513385893

109 qw the Chopper (level 4, 0/28 HPs)
             Began as a Gargoyle Fighter on June 12, 2023.
             Slain by Sigmund
             ... wielding a +0 scythe
              (7 damage)
             ... on level 3 of the Dungeon.
             The game lasted 00:01:17 (2195 turns).

qw the Chopper (Gargoyle Fighter)                   Turns: 2195, Time: 00:01:17

Health: 0/28       AC: 13    Str: 21    XL:     4   Next: 90%
Magic:  4/4        EV:  9    Int: 12    God:
Gold:   100        SH:  4    Dex:  9    Spells: 3/3 levels left

rFire   . . .        Y - +1 war axe
rCold   . . .        c - +0 buckler
rNeg    + . .        b - +0 scale mail
rPois   inf          k - +2 helmet {Int+3}
rElec   +            (no cloak)
rCorr   .            (no gloves)
SInv    .            (no boots)
Will    .....        (no amulet) Stlth
                     (no ring)
HPRegen 0.24/turn    (no ring)
MPRegen 0.09/turn

%: no passive effects
@: no status effects
A: sickness immunity, AC +3, negative energy resistance 1, electricity
resistance, torment resistance 1, petrification resistance
a: no special abilities


You were on level 3 of the Dungeon.
You visited 1 branch of the dungeon, and saw 3 of its levels.

You collected 100 gold pieces.


Innate Abilities, Weirdness & Mutations

You are immune to sickness and miasma.
Your stone body is resilient. (AC +3)
You are immune to poison.
You resist negative energy. (rN+)
You are resistant to electric shocks. (rElec)
You are resistant to unholy torment.
You are immune to petrification.


   Skills:
 - Level 3.2 Fighting
 + Level 4.4 Axes
 - Level 3.2 Armour
 - Level 3.2 Shields


You had 3 spell levels left.
You didn't know any spells.
Your spell library was empty.

Inventory:

Hand Weapons
 j - a +0 whip
 Y - a +1 war axe (weapon)
Armour
 b - a +0 scale mail (worn)
 c - a +0 buckler (worn)
 k - a +2 helmet of intelligence (worn)
Scrolls
 g - 2 scrolls of identify
Potions
 a - a potion of enlightenment {unknown}
 d - 2 potions of might
 e - a potion of brilliance {unknown}
 i - a potion of ambrosia {unknown}

Dungeon Overview and Level Annotations

Branches:
Dungeon (3/15)

Altars:
Uskayaw

Shops:
D:2 (

Annotations:
D:3 Sigmund


Message History

You kill the goblin!
You see here a +0 club.
You now have 100 gold pieces (gained 6).
Sigmund and a giant cockroach come into view.
Sigmund shouts!
Enter note:
Enter note:
Enter note:
Enter note:
Enter note:
Enter note: Sigmund gestures wildly while chanting.
Sigmund flickers and vanishes!
Deactivating autopickup; reactivate with Ctrl-A.
You closely miss something.
You hear some strange, mumbled words.
A magic dart appears from out of thin air!
The magic dart hits you but does no damage.
You miss something. Something hits you.
You miss something. Something hits you but does no damage.
You miss something. Something hits you.
You miss something. Something hits you but does no damage.
You miss something. You miss something. Something hits you.
You barely miss something. Something hits you!
You closely miss something. Something hits you.
You closely miss something. Something hits you but does no damage.
You hit something. Something hits you but does no damage.
You miss something. Something hits you!
You die...

##### #..@## #.#.{B.....
####.#.#####.. ##....#....# .# .
#..#.....#..#.##..#
#...........#.##..#
##########.#............#..####.#
.>.......#.#......##......... #.#
########.#.#......##........ ..#


You could see a giant cockroach.

Vanquished Creatures
  Robin (D:2)
  2 adders (D:2)
  A dart slug (D:2)
  3 worms (D:2)
  8 bats
  4 endoplasms
  2 giant cockroaches
  11 goblins
  10 hobgoblins
  5 jackals
  2 quokkas (D:1)
  7 ball pythons
  2 frilled lizards
  4 kobolds
  4 rats
66 creatures vanquished.

Notes
Turn   | Place    | Note
-------+----------+-------------------------------------------
     0 | D:1      | qw the Gargoyle Fighter began the quest for the Orb.
     0 | D:1      | Reached XP level 1. HP: 14/14 MP: 1/1
     0 | D:1      | 0 ||| qw: Version: 0.2-a-29-gc1b59c4
     0 | D:1      | 0 ||| qw: Game counter: 4411
     0 | D:1      | 0 ||| qw: Always use a shield: true
     0 | D:1      | 0 ||| qw: God list: Okawaru
     0 | D:1      | 0 ||| qw: Allow faded altars: false
     0 | D:1      | 0 ||| qw: Do Orc after D:15 true
     0 | D:1      | 0 ||| qw: Do second Lair branch before Depths: true
     0 | D:1      | 0 ||| qw: Lair rune preference: random
     0 | D:1      | 0 ||| qw: Plans: Normal, Zot:1-4, Slime:5, God:TSO, Crypt,
                  | Tomb, Abyss, Pan, Hells, Win
     0 | D:1      | 0 ||| PLANNING D:1-11
    29 | D:1      | Reached skill level 2 in Axes
    89 | D:1      | 89 ||| Stepping ~*~*~tactically~*~*~ (stealth).
   105 | D:1      | Reached XP level 2. HP: 19/19 MP: 2/2
   331 | D:1      | 331 ||| Stepping ~*~*~tactically~*~*~ (stealth).
   332 | D:1      | 332 ||| Stepping ~*~*~tactically~*~*~ (stealth).
   401 | D:1      | Reached skill level 3 in Axes
   460 | D:1      | Reached XP level 3. HP: 21/23 MP: 3/3
   544 | D:1      | 544 ||| DROPPING +0 club.
   703 | D:1      | 703 ||| READING scroll labelled HAUZOGG JORU.
   704 | D:1      | 704 ||| READING 2 scrolls labelled YTHUIDGH NUSCHUT.
   912 | D:2      | 912 ||| Stepping ~*~*~tactically~*~*~ (hiding).
  1095 | D:2      | Found Cacank's Antique Weapon Boutique.
  1099 | D:2      | 1099 ||| SHOPLISTING mace (72 gold, have 42).
  1099 | D:2      | 1099 ||| SHOPLISTING runed flail (156 gold, have 42).
  1099 | D:2      | 1099 ||| SHOPLISTING sapphire mace (192 gold, have 42).
  1509 | D:2      | Noticed Robin
  1510 | D:2      | 1510 ||| Stepping ~*~*~tactically~*~*~ (hiding).
  1513 | D:2      | Reached XP level 4. HP: 28/28 MP: 4/4
  1533 | D:2      | Killed Robin
  1534 | D:2      | Reached skill level 4 in Axes
  1632 | D:2      | Found a faded altar of an unknown god.
  1778 | D:2      | 1778 ||| UPGRADING to +2 helmet of intelligence.
  1783 | D:2      | 1783 ||| READING scroll labelled JEDE GODUSUKHYT.
  1784 | D:2      | 1784 ||| READING scroll labelled TAYLEOT GUONTI.
  1785 | D:2      | 1785 ||| READING scroll labelled XIYKHISIESS.
  1786 | D:2      | 1786 ||| READING 2 scrolls labelled HYWOGAORCH BURI.
  1787 | D:2      | 1787 ||| DROPPING scroll of fear.
  1829 | D:3      | Found a hide-covered altar of Uskayaw.
  2064 | D:3      | 2064 ||| Stepping ~*~*~tactically~*~*~ (stealth).
  2182 | D:3      | Noticed Sigmund
  2192 | D:3      | HP: 6/28 [something (4)]
  2195 | D:3      | Slain by Sigmund

Levels and vault maps discovered:
D:1:      minmay_arrival_jagged, layout_loops_cross,
          nicolae_kite_square_tiling_tiny
D:2:      layout_basic, serial_shops, shop,
          ebering_ecumenical_altar_sacrificial, hangedman_decor_points,
          kennysheep_flooded_box, uniq_robin
D:3:      layout_loops_ring, lemuel_round_altar, nicolae_ru_path_of_blood,
          uniq_sigmund

Skill      XL: |  1  2  3  4 |
---------------+-------------+-----
Axes           | 2 3 4 |  4.4
Fighting       | |  3.2
Armour         | |  3.2
Shields        | |  3.2

Action                     |  1- 3 |  4- 6 || total
---------------------------+-------+-------++-------
  Melee: War axe           |   126 |   108 ||   234
    Use: Scroll            |     2 |     4 ||     6
 Armour: Scale mail        |    57 |    47 ||   104
  Dodge: Dodged            |    42 |    40 ||    82
  Block: Buckler           |    31 |    13 ||    44

Table legend:
 A = Non-vault XP
 B = Vault XP
 C = Vault XP percentage of total XP
 D = Non-vault monster count
 E = Vault monster count
 F = Vault count percentage of total count
                 A         B        C        D         E       F
            +---------+---------+-------+---------+---------+-------
      Total |     130 |      27 |  17.2 |      59 |       7 |  10.6
            +---------+---------+-------+---------+---------+-------
        D:1 |      43 |       0 |   0.0 |      25 |       0 |   0.0
        D:2 |      63 |      27 |  30.0 |      20 |       7 |  25.9
        D:3 |      24 |       0 |   0.0 |      14 |       0 |   0.0
            +---------+---------+-------+---------+---------+-------
